 Dungeon Crawl Stone Soup version 0.30-a0-591-g3c58d2bc28 (webtiles) character file.

Game seed: 12351124807492936568

265 Leeroy the Slasher (level 6, -6/31 (46) HPs)
             Began as a Barachi Reaver on Jan 4, 2023.
             Mangled by an orc warrior
             ... wielding a +0 battleaxe
              (15 damage)
             ... on level 4 of the Dungeon.
             The game lasted 00:06:06 (2823 turns).

Leeroy the Slasher (Barachi Reaver)                 Turns: 2823, Time: 00:06:07

HP:   -6/31 (46)    AC:  3    Str: 14    XL:     6   Next: 20%
MP:   3/9           EV: 11    Int: 15    God:
Gold: 216           SH:  0    Dex: 10    Spells: 3/9 levels left

rFire   . . .      SeeInvis .    i - +2 long sword (holy)
rCold   + . .      Faith    .    (no shield)
rNeg    . . .      Spirit   .    b - +0 leather armour
rPois   .          Reflect  .    (no helmet)
rElec   .          Harm     .    (no cloak)
rCorr   .          Rampage  .    (no gloves)
Will    .....                    (no boots)
Stlth   +                        l - amulet of the acrobat
HPRegen 0.25/turn                c - ring of protection from cold
MPRegen 0.11/turn                (no ring)

@: about to teleport, very heavily drained, slow
A: amphibious, slowness 1, strong legs 1, +LOS
a: Hop


You were on level 4 of the Dungeon.
You visited 1 branch of the dungeon, and saw 4 of its levels.

You collected 216 gold pieces.

Inventory:

Hand Weapons
 a - a +0 falchion
 i - a +2 long sword of holy wrath (weapon)
Missiles
 f - a throwing net
Armour
 b - a +0 leather armour (worn)
Jewellery
 c - a ring of protection from cold (left hand)
 l - an amulet of the acrobat (around neck)
 y - a +6 ring of dexterity
Scrolls
 g - a scroll of fog {unknown}
 h - 3 scrolls of teleportation
 j - a scroll of identify {unknown}
 k - 2 scrolls of vulnerability {unknown}
 n - a scroll of brand weapon {unknown}
 r - a scroll of amnesia {unknown}
 u - a scroll of enchant armour {unknown}
 v - a scroll of noise {unknown}
 w - 4 scrolls of enchant weapon {unknown}
 x - a scroll of immolation {unknown}
Potions
 d - 3 potions of brilliance {unknown}
 e - a potion of heal wounds
 m - a potion of lignification {unknown}
 o - a potion of mutation {unknown}
 p - 4 potions of curing {unknown}
 q - a potion of flight {unknown}
 s - 2 potions of might {unknown}
 t - 3 potions of haste {unknown}


   Skills:
 - Level 2.4 Fighting
 - Level 7.6 Long Blades
 - Level 2.1 Dodging
 - Level 2.1 Spellcasting
 + Level 4.1 Conjurations


You had 3 spell levels left.
You knew the following spells:

 Your Spells              Type           Power      Damage    Failure   Level
a - Kiss of Death         Conj/Necr      28%        2d7       12%         1
b - Momentum Strike       Conj/Tloc      14%        3d8       19%         2
c - Hailstorm             Conj/Ice       7%         3d4       34%         3

Your spell library contained the following spells:

 Spells                   Type           Power      Damage    Failure   Level
 Slow                     Hex            4%         N/A       28%         1
 Confusing Touch          Hex            1%         N/A       63%         3
 Vampiric Draining        Necr           1%         2d6       63%         3


Dungeon Overview and Level Annotations

Branches:
Dungeon (4/15)
 Temple: D:4-7

Altars:

Shops:
D:3 ==


Innate Abilities, Weirdness & Mutations

You are amphibious.
You cover ground slowly.
You can hop short distances.
You have an extended range of vision and can be seen from far away.


Message History

Confirm with . or Enter, or press ? or * to list all spells.
Aiming: Momentum Strike (safe; 19% risk of failure)
Press: ? - help, Dir - move target, f - orc priest
Aim: an orc priest, wielding a +2 dagger of speed (heavily wounded, 68% to hit)
The concentrated momentum hits the orc priest!
You kill the orc priest!
You are unable to move.
Your Conjurations skill increases to level 4!
You feel much better.
As you read the scroll labelled FOSTRA QEWO, it crumbles to dust.
You feel strangely unstable.
It was a scroll of teleportation.
You cannot move.
Casting: Momentum Strike (safe; 19% risk of failure)
Confirm with . or Enter, or press ? or * to list all spells.
Okay, then.
You cannot move.
Casting: Momentum Strike (safe; 19% risk of failure)
Confirm with . or Enter, or press ? or * to list all spells.
Aiming: Kiss of Death (safe; 12% risk of failure)
Press: ? - help, Shift-Dir - straight line, f - orc warrior
Aim: an orc warrior, wielding a +0 battleaxe and wearing a +0 chain mail (100% to hit)
The negative energy hits the orc warrior!
The orc warrior is drained!
The orc warrior is heavily wounded.
You feel drained.
The orc warrior hits you with a +0 battleaxe!!
Ouch! That really hurt!
* * * LOW HITPOINT WARNING * * *
Casting: Kiss of Death (safe; 12% risk of failure)
Confirm with . or Enter, or press ? or * to list all spells.
Aiming: Kiss of Death (safe; 12% risk of failure)
Press: ? - help, Shift-Dir - straight line, f/p - orc warrior
Aim: an orc warrior, wielding a +0 battleaxe and wearing a +0 chain mail (heavily wounded, lightly drained, 100% to hit)
The negative energy hits the orc warrior.
The orc warrior is drained!
The orc warrior is severely wounded.
You feel drained.
You are no longer robbed of momentum.
The orc warrior hits you with a +0 battleaxe!
You die...

#.......# .# #
#.#+##### .#######
# #. .......# # .
....o..# # .
##...o.[.# # #o#
#.# # #o# #.# #
#o# #.# # #@###
#.# # #...### #.#
# #.....# #.# #
#.....# #?# #
#.....# #.# #
#.....########.# #
#.....).....##)###
#...........'.....
#....)......##.###


You could see an orc warrior (very drained) and 2 orcs.

Vanquished Creatures
  A phantom (D:4)
  A hound (D:2)
  An orc priest (D:4)
  An orc wizard (D:4)
  2 adders
  2 worms
  2 dart slugs
  4 orcs
  6 bats
  3 endoplasms
  5 giant cockroaches
  5 goblins
  12 hobgoblins
  5 jackals
  5 kobolds
  3 quokkas
  8 ball pythons
  4 frilled lizards
  6 rats
76 creatures vanquished.

Notes
Turn   | Place    | Note
-------+----------+-------------------------------------------
     0 | D:1      | Leeroy the Barachi Reaver began the quest for the Orb.
     0 | D:1      | Reached XP level 1. HP: 17/17 MP: 3/3
    60 | D:1      | Reached skill level 4 in Long Blades
   123 | D:1      | Reached XP level 2. HP: 15/23 MP: 5/5
   550 | D:1      | Reached skill level 5 in Long Blades
   550 | D:1      | Reached XP level 3. HP: 23/23 MP: 6/6
  1052 | D:2      | Learned a level 2 spell: Momentum Strike
  1056 | D:2      | Learned a level 3 spell: Hailstorm
  1370 | D:2      | Reached XP level 4. HP: 31/33 MP: 7/7
  1695 | D:2      | Reached skill level 6 in Long Blades
  1944 | D:3      | Found a faded altar of an unknown god.
  2171 | D:3      | Reached XP level 5. HP: 39/39 MP: 8/8
  2436 | D:3      | Found Munibiad's Jewellery Shop.
  2465 | D:3      | Found Raodghes's Jewellery Emporium.
  2683 | D:4      | Noticed a phantom
  2696 | D:4      | Killed a phantom
  2697 | D:4      | Reached skill level 7 in Long Blades
  2719 | D:4      | Reached XP level 6. HP: 30/46 MP: 3/9
  2807 | D:4      | Noticed an orc warrior
  2823 | D:4      | Mangled by an orc warrior

Illustrated notes

Levels and vault maps discovered:
D:1:      matt_arrival_grand_opening, layout_basic
D:2:      kennysheep_six_static_rooms, layout_basic, minmay_octomino_j4
D:3:      layout_rooms, serial_shops, shop, nicolae_shop_hallway_plus,
          nicolae_ecumenical_oubliette
D:4:      layout_basic, gup_sewer_entry_spiral, minmay_distorted, uniq_edmund,
          uniq_crazy_yiuf_cottage

Skill      XL: |  1  2  3  4  5  6 |
---------------+-------------------+-----
Long Blades    | 4 5 6 7 |  7.6
Conjurations   | 4 |  4.1
Fighting       | |  2.4
Dodging        | |  2.1
Spellcasting   | |  2.1

Action                   |  1- 3 |  4- 6 || total
-------------------------+-------+-------++-------
Melee: Falchion          |    75 |       ||    75
       Long sword        |    68 |   114 ||   182
       Punch             |     1 |       ||     1
 Cast: Kiss of Death     |     1 |     2 ||     3
       Momentum Strike   |       |     3 ||     3
       Hailstorm         |       |     2 ||     2
 Abil: Hop               |       |     1 ||     1
  Use: Potion            |       |     3 ||     3
       Scroll            |       |     1 ||     1
Armor: Leather armour    |    55 |    43 ||    98
Dodge: Dodged            |   136 |   112 ||   248

Table legend: (Time is in decaauts)
 A = Elapsed time spent in this place.
 B = Non-inter-level travel time spent in this place.
 C = Inter-level travel time spent in this place.
 D = Time resting spent in this place.
 E = Time spent auto-exploring this place.
 F = Levels seen in this place.
 G = Mean time per level.
                   A        B        C        D        E       F      G
               +--------+--------+--------+--------+--------+-----+--------+
         Total |   3216 |   2966 |    250 |    162 |   2018 |   4 |  804.0 |
       Dungeon |   3216 |   2966 |    250 |    162 |   2018 |   4 |  804.0 |
               +--------+--------+--------+--------+--------+-----+--------+

Top non-repeatable levels by time:
     D:2: 1172 daAuts
     D:1: 1165 daAuts
     D:3: 629 daAuts
     D:4: 248 daAuts
